 Dungeon Crawl Stone Soup version 0.28.0-43-g3370ac3207 (webtiles) character file.

Game seed: 13417270642613965338

240 Pinkishskies the Magician (level 6, -2/40 HPs)
             Began as a Djinni Fire Elementalist on Mar 10, 2022.
             Was a Follower of Nemelex Xobeh.
             Blown up by Pikel (10 damage)
             ... with a mindburst bolt
             ... on level 4 of the Dungeon.
             The game lasted 00:12:52 (4085 turns).

Pinkishskies the Magician (DjFE)                    Turns: 4085, Time: 00:12:53

Health: -2/40      AC:  3    Str:  7    XL:     6   Next: 29%
Gold:   85         EV: 11    Int: 18    God:    Nemelex Xobeh [*.....] SH:  0 Dex: 14

rFire   + + .      SeeInvis .   (no weapon)
rCold   x . .      Faith    .   (no shield)
rNeg    . . .      Spirit   .   g - +0 leather armour
rPois   ∞          Reflect  .   (no helmet)
rElec   .          Harm     .   (no cloak)
rCorr   .          Rampage  .   (no gloves)
Will    .....                   (boots unavailable)
Stlth   ++........              (no amulet)
HPRegen 0.13/turn               (no ring)
MPRegen 0.00/turn               (no ring)

@: flying
A: sickness immunity, fire resistance 2, cold vulnerability 1, float, innate
caster, HP casting, extra vitality 1
a: Renounce Religion, Draw Escape, Draw Destruction, Draw Summoning


You were on level 4 of the Dungeon.
You worshipped Nemelex Xobeh.
Nemelex Xobeh was aware of your devotion.
You visited 1 branch of the dungeon, and saw 4 of its levels.

You collected 85 gold pieces.

Inventory:

Armour
 a - a +0 robe
 g - a +0 leather armour (worn)
 l - a +1 pair of boots
Scrolls
 c - a scroll of magic mapping {unknown}
 d - a scroll of noise {unknown}
 f - 2 scrolls of vulnerability {unknown}
 h - a scroll of summoning
 i - a scroll of amnesia {unknown}
 j - 2 scrolls of fog {unknown}
Potions
 b - a potion of haste {unknown}
 e - 3 potions of curing
 k - a potion of lignification {unknown}
 m - a potion of ambrosia {unknown}


   Skills:
 * Level 1.7 Armour
 + Level 2.3 Dodging
 + Level 2.0 Stealth
 * Level 4.6 Spellcasting


You couldn't memorise any spells.
You knew the following spells:

 Your Spells              Type           Power      Damage    Failure   Level
a - Foxfire               Conj/Fire      80%        2x1d8     3%          1
b - Scorch                Fire           40%        2d7       4%          2
c - Conjure Flame         Conj/Fire      20%        6-21      9%          3
d - Inner Flame           Hex/Fire       20%        N/A       9%          3
e - Flame Wave            Conj/Fire      20%        2d7       30%         4
f - Sting                 Tmut/Pois      80%        1d7       3%          1
g - Searing Ray           Conj           40%        2d5       4%          2
Your spell library was empty.

Dungeon Overview and Level Annotations

Branches:
Dungeon (4/15)
 Temple: D:4-7

Altars:
Nemelex Xobeh

Shops:
D:1 [   D:3 :

Annotations:
D:4 Pikel


Innate Abilities, Weirdness & Mutations

You are immune to sickness and miasma.
You are immune to poison.
Your flesh is very heat resistant. (rF++)
You are vulnerable to cold. (rC-)
You float through the air rather than walking.
You learn spells naturally, not from books.
Your magical power is your life essence.
You have superior vitality. (+4 MHP)


Message History

Your magical contamination has completely faded away.
Casting: Searing Ray (safe; 4% risk of failure)
Confirm with . or Enter, or press ? or * to list all spells.
Restarting spell: Searing Ray (safe; 4% risk of failure)
Press: ? - help, Shift-Dir - straight line, f/p - Pikel
Aim: Pikel, wielding a +0 whip of freezing, wearing a +0 robe and carrying a wand of mindburst (11) (almost dead, 72% to hit)
The searing ray misses Pikel. (Press . to maintain the ray.)
* * * LOW HITPOINT WARNING * * *
Pikel drinks a potion.
Pikel is healed!
Casting: Searing Ray (safe; 4% risk of failure)
Confirm with . or Enter, or press ? or * to list all spells.
Restarting spell: Searing Ray (safe; 4% risk of failure)
Press: ? - help, Shift-Dir - straight line, f/p - Pikel
Aim: Pikel, wielding a +0 whip of freezing, wearing a +0 robe and carrying a wand of mindburst (11) (heavily wounded, 72% to hit)
The searing ray hits Pikel.
Pikel is severely wounded. (Press . to maintain the ray.)
* * * LOW HITPOINT WARNING * * *
Pikel zaps a wand.
You struggle to resist.
Unknown command.
You are too injured to fight recklessly!
Casting: Searing Ray (safe; 4% risk of failure)
Confirm with . or Enter, or press ? or * to list all spells.
You conjure some foxfire!
* * * LOW HITPOINT WARNING * * *
Casting: Foxfire (safe; 3% risk of failure)
Confirm with . or Enter, or press ? or * to list all spells.
You conjure some foxfire!
* * * LOW HITPOINT WARNING * * *
The foxfire hits Pikel but does no damage.
Pikel is severely wounded.
The foxfire hits Pikel!
Pikel is almost dead.
Your foxfire dissipates!
The foxfire hits Pikel but does no damage.
Pikel is almost dead.
Pikel zaps a wand.
Your mind is blasted!
You die...
Your body disappears without a glow.

######### #.......#
#.......# #<......# ##
#####.@.....# ..#..
#..§§☼.#########
......#...K§§# ##..#
......'..§.☼.# #...#
.######......######..#
###'###.....#..#
#...#.....#.<#
#...#.....#..# ####
########'##.....#..#


You could see Pikel.

Vanquished Creatures
  4 lemures (D:4)
  A scorpion (D:4)
  A hound (D:4)
  2 orc priests
  An orc wizard (D:3)
  2 dart slugs
  4 orcs
  6 ball pythons
  4 endoplasms
  2 giant cockroaches (D:1)
  9 goblins
  3 hobgoblins
  7 kobolds
  3 quokkas
  6 bats
  3 frilled lizards
  5 rats
63 creatures vanquished.

Vanquished Creatures (others)
  274 foxfires
274 creatures vanquished.

Grand Total: 337 creatures vanquished

Notes
Turn   | Place    | Note
-------+----------+-------------------------------------------
     0 | D:1      | Pinkishskies the Djinni Fire Elementalist began the quest
                  | for the Orb.
     0 | D:1      | Reached XP level 1. HP: 15/15 MP: 0/0
   458 | D:1      | Reached XP level 2. HP: 16/21 MP: 0/0
   527 | D:1      | Found a faded altar of an unknown god.
   616 | D:1      | Found Jorghi's Armour Boutique.
  1363 | D:2      | Reached skill level 3 in Spellcasting
  1485 | D:2      | Reached XP level 3. HP: 22/25 MP: 0/0
  1485 | D:2      | Learned a level 1 spell: Sting
  2026 | D:2      | Found a sparkling altar of Nemelex Xobeh.
  2048 | D:2      | Became a worshipper of Nemelex Xobeh the Trickster
  2774 | D:2      | Reached XP level 4. HP: 22/31 MP: 0/0
  3106 | D:3      | Reached XP level 5. HP: 31/35 MP: 0/0
  3106 | D:3      | Learned a level 2 spell: Searing Ray
  3188 | D:3      | Reached skill level 1 in Armour
  3275 | D:3      | Reached skill level 4 in Spellcasting
  3496 | D:3      | Found Piso's Book Shoppe.
  3740 | D:3      | Noticed a water moccasin
  3762 | D:4      | Reached * piety under Nemelex Xobeh
  3833 | D:4      | Reached XP level 6. HP: 33/40 MP: 0/0
  4054 | D:4      | Noticed Pikel
  4085 | D:4      | Blown up by Pikel

Illustrated notes

Levels and vault maps discovered:
D:1:      lightli_arrival_boilingwater, layout_basic, serial_shops, shop,
          shapermc_ecumenical_altar_mp_highgroup
D:2:      minmay_recursive_quarters, layout_rooms, basic_altar
D:3:      minmay_diamond_boxcup, layout_basic, serial_shops,
          nicolae_shop_advertising_works [nicolae_subvault_shop_adworks]
D:4:      minmay_skewed_foursquare, layout_gridville, uniq_blork_the_orc,
          uniq_menkaure, uniq_pikel

Skill      XL: |  1  2  3  4  5 |
---------------+----------------+-----
Spellcasting   | 3 4 |  4.6
Armour         | 1 |  1.7
Stealth        | 2 |  2.0
Dodging        | |  2.3

Action                   |  1- 3 |  4- 6 || total
-------------------------+-------+-------++-------
 Cast: Foxfire           |   114 |    63 ||   177
       Sting             |     3 |     2 ||     5
       Searing Ray       |       |     9 ||     9
       Inner Flame       |       |     3 ||     3
  Use: Scroll            |     2 |     1 ||     3
Armor: Robe              |     1 |       ||     1
       Leather armour    |     1 |     4 ||     5
Dodge: Dodged            |     2 |     9 ||    11
